 Dungeon Crawl Stone Soup version 0.21.1-1-g345015f (webtiles) character file.

106 jjfam the Chopper (level 5, 41/41 HPs)
             Began as a Human Fighter on June 21, 2018.
             Quit the game on level 3 of the Dungeon on July 11, 2018.
             The game lasted 00:07:56 (1936 turns).

jjfam the Chopper (Human Fighter)                   Turns: 1936, Time: 00:07:56

Health: 41/41      AC:  7    Str: 14    XL:     5   Next: 10%
Magic:  5/5        EV:  6    Int:  9    God:
Gold:   135        SH:  8    Dex: 12    Spells: 4/4 levels left

rFire    . . .     SeeInvis +   a - +0 war axe
rCold    . . .     Gourm    .   c - +0 shield
rNeg     . . .     Faith    .   b - +0 scale mail
rPois    .         Spirit   .   (no helmet)
rElec    .         Reflect  .   (no cloak)
rCorr    .         Harm     .   i - +0 pair of gloves {archery}
MR       .....                  (no boots)
Stlth    ..........             (no amulet)
HPRegen  0.13/turn              m - ring of see invisible
MPRegen  0.09/turn              r - -3 ring of strength (curse)

@: no status effects
A: no striking features
a: no special abilities


You were on level 3 of the Dungeon.
You were hungry.

You visited 1 branch of the dungeon, and saw 3 of its levels.

You collected 135 gold pieces.

Inventory:

Hand Weapons
 a - a +0 war axe (weapon)
Armour
 b - a +0 scale mail (worn)
 c - a +0 shield (worn)
 i - a +0 pair of gloves of archery (worn)
Jewellery
 k - an uncursed ring of protection from fire
 l - an uncursed ring of positive energy
 m - a ring of see invisible (left hand)
 r - a cursed -3 ring of strength (right hand)
Wands
 w - a wand of enslavement (9)
Scrolls
 e - 2 scrolls of amnesia {unknown}
 j - a scroll of blinking {unknown}
 o - a scroll of noise {unknown}
 q - 3 scrolls of identify {unknown}
 t - a scroll of remove curse {unknown}
 u - 2 scrolls of teleportation {unknown}
Potions
 d - a potion of might
 g - a potion of heal wounds {unknown}
 h - a potion of haste {unknown}
 n - a potion of flight {unknown}
 p - a potion of lignification {unknown}
 v - a potion of magic {unknown}
 x - a potion of curing {unknown}
Books
 s - a book of Maledictions

   Spells                             Type                      Level
   a - Corona                         Hexes                        1
   b - Ensorcelled Hibernation        Hexes/Ice                    2
   c - Confuse                        Hexes                        3
   d - Tukima's Dance                 Hexes                        3
   e - Dazzling Spray                 Conjuration/Hexes            3
Comestibles
 f - 3 rations
 z - 2 chunks of flesh


   Skills:
 - Level 3.0 Fighting
 + Level 4.7 Axes
 - Level 3.0 Armour
 - Level 3.0 Shields


You had 4 spell levels left.
You didn't know any spells.

Dungeon Overview and Level Annotations

Branches:
Dungeon (3/15)

Altars:
Kikubaaqudgha
Nemelex Xobeh
Sif Muna
Trog
Wu Jian


Message History

No target in view!
No target in view!
Unknown command.
Press < or > to pray at altars.
Unknown command.
Press < or > to pray at altars.
Unknown command.
Press < or > to pray at altars.
Things that are here:
a dagger of venom; an orc corpse Unknown command.
Unknown command.
Unknown command.
Unknown command.
Unknown command.
Quiver which item? (- for none, * to show all) (? for menu, Esc to quit)
Okay, then.
Okay, then.
Okay, then.
Are you sure you want to abandon this character and quit the game? (Confirm with "yes".)

#...............###
#.######...........
#.# ##..†.)..###
#.# #.......## #.#
#####....##
#.###############.#
#.#_#.#.#_#8## ##.
#.8.#.#.#.#..# #.
#.@........._# ##.
#..........._####)#
##8.#.#.#.#..#...##
##8###_#⌠#####.###
### ##### #....
#####


There were no monsters in sight!

Vanquished Creatures
  3 adders
  2 oozes (D:3)
  2 worms
  2 dart slugs
  A leopard gecko (D:2)
  2 orcs (D:3)
  2 giant cockroaches (D:2)
  6 goblins
  6 hobgoblins
  10 jackals
  7 kobolds
  2 bats
  7 frilled lizards
  6 rats
58 creatures vanquished.

Notes
Turn   | Place    | Note
-------+----------+-------------------------------------------
     0 | D:1      | jjfam the Human Fighter began the quest for the Orb.
     0 | D:1      | Reached XP level 1. HP: 18/18 MP: 1/1
   122 | D:1      | Reached XP level 2. HP: 21/24 MP: 2/2
   425 | D:1      | Reached skill level 3 in Axes
   759 | D:2      | Reached XP level 3. HP: 29/29 MP: 3/3
  1070 | D:2      | Reached skill level 4 in Axes
  1070 | D:2      | Reached XP level 4. HP: 35/35 MP: 4/4
  1247 | D:2      | Found a faded altar of an unknown god.
  1858 | D:3      | Reached XP level 5. HP: 41/41 MP: 5/5
  1881 | D:3      | Found an ancient bone altar of Kikubaaqudgha.
  1887 | D:3      | Found a bloodstained altar of Trog.
  1887 | D:3      | Found a deep blue altar of Sif Muna.
  1887 | D:3      | Found a sparkling altar of Nemelex Xobeh.
  1890 | D:3      | Found an ornate altar of the Wu Jian Council.
  1936 | D:3      | Quit the game

Skill      XL: |  1  2  3 |
---------------+----------+-----
Axes           | 3 4 |  4.7
Fighting       | |  3.0
Armour         | |  3.0
Shields        | |  3.0

Action                   |  1- 3 |  4- 6 || total
-------------------------+-------+-------++-------
Melee: War axe           |    83 |    70 ||   153
  Eat: Chunk             |     1 |     2 ||     3
Armor: Scale mail        |    39 |    29 ||    68
Dodge: Dodged            |    30 |    28 ||    58
Block: Shield            |    46 |    32 ||    78
